 Dungeon Crawl Stone Soup version 0.27-a0-1281-ge233d83751 (webtiles) character file.

Game seed: 15705221798317736281

5 Zorblax the Magician (level 1, 0/10 HPs)
             Began as a Tengu Hedge Wizard on June 13, 2021.
             Slain by a jackal (1 damage)
             ... on level 1 of the Dungeon on June 14, 2021.
             The game lasted 00:04:17 (117 turns).

Zorblax the Magician (Tengu Hedge Wizard)            Turns: 117, Time: 00:04:17

Health: 0/10       AC:  3    Str: 10    XL:     1   Next: 80%
Magic:  5/5        EV: 12    Int: 14    God:
Gold:   10         SH:  0    Dex: 13    Spells: 5/6 levels left

rFire    . . .     SeeInvis .   a - +0 dagger
rCold    . . .     Faith    .   (no shield)
rNeg     . . .     Spirit   .   b - +1 robe
rPois    .         Reflect  .   c - +0 hat
rElec    .         Harm     .   (no cloak)
rCorr    .         Rampage  .   (no gloves)
Will     .....                  (boots unavailable)
Stlth    ++........             (no amulet)
HPRegen  0.03/turn              (no ring)
MPRegen  0.09/turn              (no ring)

@: no status effects
A: beak, talons 3
a: no special abilities


You were on level 1 of the Dungeon.
You visited 1 branch of the dungeon, and saw 1 of its levels.

You collected 10 gold pieces.

Inventory:

Hand Weapons
 a - a +0 dagger (weapon)
Missiles
 d - 19 poisoned darts (quivered)
Armour
 b - a +1 robe (worn)
 c - a +0 hat (worn)


   Skills:
 + Level 2.3 Dodging
 + Level 2.0 Stealth
 + Level 3.2 Spellcasting
 + Level 1.3 Conjurations
 + Level 1.2 Summonings
 + Level 0.7 Translocations


You had 5 spell levels left.
You knew the following spells:

 Your Spells              Type           Power      Damage    Failure   Level
a - Magic Dart            Conj           24%        1d4       12%         1

Your spell library contained the following spells:

 Spells                   Type           Power      Damage    Failure   Level
 Call Imp                 Summ           5%         N/A       19%         2
 Blink                    Tloc           N/A        N/A       24%         2
 Slow                     Hex            2%         N/A       32%         2
 Conjure Flame            Conj/Fire      4%         6-21      43%         3
 Mephitic Cloud           Conj/Pois/Air  3%         N/A       45%         3


Dungeon Overview and Level Annotations

Branches:
Dungeon (1/15)

Altars:


Innate Abilities, Weirdness & Mutations

You have a beak for a mouth.
You have claws for feet.


Message History

The jackal closely misses you.
The jackal bites you but does no damage.
You barely miss the jackal.
The jackal is heavily wounded.
The jackal closely misses you.
You barely miss the jackal.
The jackal is heavily wounded.
The jackal barely misses you.
The jackal bites you but does no damage.
You closely miss the jackal.
The jackal is heavily wounded.
The jackal barely misses you.
You closely miss the jackal. Your kick misses the jackal.
The jackal is heavily wounded.
The jackal completely misses you.
You closely miss the jackal. Your kick misses the jackal.
The jackal is heavily wounded.
The jackal bites you. x2
You hit the jackal.
You kill the jackal!
The jackal barely misses you.
You hit the jackal.
The jackal is heavily wounded.
The jackal barely misses you.
You barely miss the jackal.
The jackal is heavily wounded.
The jackal bites you.
* * * LOW HITPOINT WARNING * * *
The jackal bites you but does no damage.
You barely miss the jackal.
The jackal is moderately wounded.
The jackal bites you.
* * * LOW HITPOINT WARNING * * *
You miss the jackal. Your kick misses the jackal.
The jackal is moderately wounded.
The jackal closely misses you.
You completely miss the jackal. You claw the jackal, but do no damage.
The jackal is moderately wounded.
The jackal bites you.
You die...

...#.....#...# ###
.<.'..⌠..'.8.# ...
...#.....#...######.#
####.....#####.>#...#
##'###'#......#)#
#..#
#...####...#######
#.## #####
##......... #.#
#h######## #.# #@#
#.# #.# #.# #.# #.#
#.# #.# #.# #.# #.#
#.#


You could see a jackal.

Vanquished Creatures
  A goblin (D:1)
  3 jackals (D:1)
4 creatures vanquished.

Notes
Turn   | Place    | Note
-------+----------+-------------------------------------------
     0 | D:1      | Zorblax the Tengu Hedge Wizard began the quest for the Orb.
     0 | D:1      | Reached XP level 1. HP: 10/10 MP: 5/5
   117 | D:1      | Slain by a jackal

Illustrated notes

Levels and vault maps discovered:
D:1:      minmay_arrival_stair_chambers, layout_loops_ring

Action                   || total
-------------------------++-------
Melee: Dagger            ||    27
       Kick              ||     8
       Peck              ||     5
  Use: Scroll            ||     1
Armor: Robe              ||     9
Dodge: Dodged            ||    27

Table legend: (Time is in decaauts)
 A = Elapsed time spent in this place.
 B = Non-inter-level travel time spent in this place.
 C = Inter-level travel time spent in this place.
 D = Time resting spent in this place.
 E = Time spent auto-exploring this place.
 F = Levels seen in this place.
 G = Mean time per level.
                   A        B        C        D        E       F      G
               +--------+--------+--------+--------+--------+-----+--------+
         Total |    117 |    117 |      0 |      0 |     18 |   1 |  117.0 |
       Dungeon |    117 |    117 |      0 |      0 |     18 |   1 |  117.0 |
               +--------+--------+--------+--------+--------+-----+--------+

Top non-repeatable levels by time:
     D:1: 117 daAuts
